AoeStats
← Quadless

Marketplace

503871321Analyzed
1v1 RM · 29d ago on Sep 2, 2026· 47m 30s· 2 players
Game mode
Random Map
Map size
Tiny (2 player)
Population
200
Speed
Normal
Resources
Standard
Victory
Conquest
Starting age
Dark Age
Ending age
Imperial Age
RankedLock teamsTeams togetherTeam positionsShared explorationLock speedFull tech treeHidden civsTurbo modeCheats
Victory
Defeat
🇺🇸 Slavs · United States
630
+21
🇩🇪 Franks · Germany
563
-22
deadpandessert
12:27 Feudal Age
13:31 Double-Bit Axe
13:56 Horse Collar
21:45 Castle Age
23:42 Bow Saw
23:08 Pikeman
26:48 Squires
28:52 Wheelbarrow
28:29 Stone Mining
28:30 Loom
30:25 Heavy Plow
31:58 Scale Mail Armor
32:04 Scale Barding Armor
32:11 Forging
36:49 Imperial Age
35:34 Hand Cart
35:47 Masonry
36:02 Chain Barding Armor
36:18 Iron Casting
37:19 Bloodlines
37:11 Husbandry
37:14 Halberdier
39:03 Hoardings
41:20 Two-Man Saw
43:00 Blast Furnace
42:16 Chain Mail Armor
43:23 Capped Ram
47:17 Chemistry
46:38 Ballistics
46:01 Heavy Cavalry Archer
Quadless
13:26 Feudal Age
14:10 Double-Bit Axe
14:21 Loom
21:59 Scale Barding Armor
25:33 Scale Mail Armor
26:20 Gold Mining
27:15 Wheelbarrow
30:46 Castle Age
30:22 Forging
30:29 Stone Mining
32:10 Chain Barding Armor
31:55 Husbandry
34:10 Bow Saw
36:07 Gold Shaft Mining
36:09 Hand Cart
39:34 Iron Casting
45:38 Chain Mail Armor
Connection lost

Rejoining the realm…

Still unreachable

The connection could not be restored.

Session expired

The server has moved on; the page needs a fresh start.